 Dungeon Crawl Stone Soup version 0.31.0-9-g3a7656b989 (webtiles) character file.

Game seed: 9690570193671245029

2410 qw the Skirmisher (level 9, -1/52 HPs)
             Began as a Deep Elf Hunter on Feb 2, 2024.
             Was an Initiate of Okawaru.
             Slain by a vampire (10 damage)
             ... on level 8 of the Dungeon.
             The game lasted 00:00:27 (6169 turns).

qw the Skirmisher (Deep Elf Hunter)                 Turns: 6169, Time: 00:00:27

Health: -1/52      AC: 11    Str: 12    XL:     9   Next: 23%
Magic:  11/11      EV: 15    Int: 15    God:    Okawaru [......]
Gold:   335        SH:  0    Dex: 24    Spells: 8/8 levels left

rFire   . . .        a - +2 shortbow
rCold   + . .        (shield currently unavailable)
rNeg    . . .        f - +3 ring mail {rC+}
rPois   +            (no helmet)
rElec   .            (no cloak)
rCorr   .            j - +2 pair of gloves
SInv    .            (no boots)
Will    .....        (no amulet)
Stlth   ++           g - +6 ring of dexterity
HPRegen 0.28/turn    l - ring of poison resistance
MPRegen 0.12/turn

%: no passive effects
@: no status effects
A: no striking features
a: Renounce Religion


You were on level 8 of the Dungeon.
You worshipped Okawaru.
Okawaru was noncommittal.
You visited 2 branches of the dungeon, and saw 9 of its levels.

You collected 400 gold pieces.
You spent 65 gold pieces at shops.


   Skills:
 - Level 4.0 Fighting
 - Level 14.0 Ranged Weapons
 - Level 1.2 Armour
 + Level 6.6 Dodging
 - Level 1.2 Stealth


You had 8 spell levels left.
You didn't know any spells.
Your spell library was empty.

Inventory:

Hand Weapons
 a - a +2 shortbow (weapon)
Armour
 f - a +3 ring mail of cold resistance (worn)
 j - a +2 pair of gloves (worn)
Jewellery
 g - a +6 ring of dexterity (left hand)
 l - a ring of poison resistance (right hand)
Wands
 h - a wand of acid (11)
 i - a wand of charming (9)
Scrolls
 m - a scroll of identify
 n - a scroll of blinking {unknown}
Potions
 b - a potion of haste
 c - a potion of mutation
 d - 2 potions of enlightenment
 e - 2 potions of might
 k - 5 potions of curing

Dungeon Overview and Level Annotations

Branches:
Dungeon (8/15)             Temple (1/1) D:6
   Lair: D:8-11

Altars:
Ashenzari
Cheibriados
Dithmenos
Elyvilon
Fedhas
Hepliaklqana
Makhleb
Nemelex Xobeh
Okawaru
Qazlal
Ru
Sif Muna
Trog
Uskayaw
Vehumet
Wu Jian
Xom
Yredelemnul
Zin

Shops:
D:2 (:*((   D:6 :

Portals:
Bailey: D:8


Message History

You shoot an arrow.
The arrow hits the vampire but does no damage.
The vampire is lightly damaged.
The vampire hits you but does no damage.
The vampire closely misses you.
You shoot an arrow.
The arrow hits the vampire but does no damage.
The vampire is lightly damaged.
You shoot an arrow. The arrow hits the vampire.
The vampire is lightly damaged.
The vampire closely misses you. The vampire bites you!
The vampire draws strength from your injuries!
You shoot an arrow. The arrow hits the vampire.
The vampire is lightly damaged.
The vampire hits you. The vampire completely misses you.
You shoot an arrow.
The arrow hits the vampire but does no damage.
The vampire is lightly damaged.
The vampire hits you. The vampire closely misses you.
You shoot an arrow.
The arrow hits the vampire but does no damage.
The vampire is lightly damaged.
The vampire hits you! The vampire closely misses you.
You shoot an arrow. The arrow barely misses the vampire.
You shoot an arrow. The arrow barely misses the vampire.
The vampire misses you. The vampire closely misses you.
You shoot an arrow. The arrow hits the vampire!
The vampire is heavily damaged.
The vampire hits you.
The vampire bites you but does no damage.
You shoot an arrow.
The arrow hits the vampire but does no damage.
The vampire is heavily damaged.
The vampire hits you but does no damage.
The vampire bites you but does no damage.
You shoot an arrow.
The arrow hits the vampire but does no damage.
The vampire is heavily damaged.
The vampire completely misses you. The vampire bites you!
You die...

### #.. #.# #.#
##########.#
..##>.....#
#.##[####.#
.######.#...# #@#
.........)..#
#V.......
########<#)#.#
...####.#
#.....##.#.###.)...
#.....####.#
#..).#.
#!!\.!)...!#
#)#.##.#
#!...)####!# #....
# #....!# #)# #....
####### #.#


You could see a vampire.

Vanquished Creatures
  Prince Ribbit (D:7)
  A steam dragon (D:7)
  3 water moccasins
  2 ice beasts
  3 sky beasts
  A black bear (D:4)
  An ogre (D:7)
  A centaur (D:6)
  2 scorpions
  3 wights (D:8)
  A bombardier beetle (D:3)
  4 hounds
  3 orc priests
  A jelly (D:5)
  2 iguanas
  5 orc wizards
  11 gnolls
  7 adders
  2 shadow imps (D:7)
  4 ribbon worms
  2 dart slugs
  18 orcs
  3 ball pythons (D:1)
  9 bats
  9 endoplasms
  15 goblins
  7 hobgoblins
  5 kobolds
  4 quokkas
  2 frilled lizards
  7 rats (D:1)
139 creatures vanquished.

Notes
Turn   | Place    | Note
-------+----------+-------------------------------------------
     0 | D:1      | qw the Deep Elf Hunter began the quest for the Orb.
     0 | D:1      | Reached XP level 1. HP: 12/12 MP: 3/3
     0 | D:1      | 0 ||| qw: Version: 0.3-a-155-g5e7d8dd
     0 | D:1      | 0 ||| qw: Game counter: 1443
     0 | D:1      | 0 ||| qw: Melee chars always use a shield: true
     0 | D:1      | 0 ||| qw: God list: Okawaru
     0 | D:1      | 0 ||| qw: Allow faded altars: false
     0 | D:1      | 0 ||| qw: Do Orc after clearing Dungeon:15 true
     0 | D:1      | 0 ||| qw: Do second Lair branch before Depths: true
     0 | D:1      | 0 ||| qw: Lair rune preference: random
     0 | D:1      | 0 ||| qw: Goals: Normal
     0 | D:1      | 0 ||| PLANNING D:1-11
   107 | D:1      | Reached XP level 2. HP: 16/16 MP: 4/4
   110 | D:1      | Reached skill level 6 in Ranged Weapons
   617 | D:1      | Reached XP level 3. HP: 20/20 MP: 5/5
   810 | D:1      | Found a shimmering blue altar of Sif Muna.
   811 | D:1      | 811 ||| UPGRADING to +0 pair of gloves.
   816 | D:1      | 816 ||| UPGRADING to +6 ring of dexterity.
   817 | D:1      | 817 ||| DROPPING +6 ring of intelligence.
   818 | D:1      | 818 ||| READING 2 scrolls labelled DOWNIYTSUPS.
   818 | D:1      | 818 ||| IDENTIFYING red potion
   819 | D:1      | 819 ||| READING scroll of identify.
   819 | D:1      | 819 ||| IDENTIFYING clear potion
   820 | D:1      | 820 ||| READING scroll labelled SITRIBYCZO.
   921 | D:1      | 921 ||| READING scroll labelled SUUNGY YTWOSEH.
   922 | D:1      | 922 ||| READING scroll labelled RAGAFE MIGU.
  1023 | D:1      | 1023 ||| DROPPING scroll of butterflies.
  1024 | D:1      | 1024 ||| DROPPING potion of attraction.
  1046 | D:2      | 1046 ||| STAIRDANCE
  1093 | D:2      | Reached skill level 7 in Ranged Weapons
  1109 | D:2      | Found Lalusmaodith's Antique Weapon Boutique.
  1125 | D:2      | Found Wugrip's Antique Weapon Emporium.
  1134 | D:2      | 1134 ||| SHOPLISTING +8 storm bow {elec, penet} (1516 gold,
                  | have 40).
  1252 | D:2      | 1252 ||| SHOPLISTING glowing orcbow (201 gold, have 44).
  1306 | D:2      | Reached skill level 3 in Dodging
  1424 | D:2      | Found Miuce's Weapon Boutique.
  1492 | D:2      | Found Pualar's Book Shop.
  1504 | D:2      | Reached XP level 4. HP: 25/25 MP: 6/6
  1540 | D:2      | Found Dofui's General Store.
  1550 | D:2      | 1550 ||| BUYING potion of curing (39 gold).
  1550 | D:2      | Bought a potion of curing for 39 gold pieces
  1550 | D:2      | 1550 ||| SHOPLISTING potion of haste (130 gold, have 31).
  1550 | D:2      | 1550 ||| SHOPLISTING potion of might (52 gold, have 31).
  1550 | D:2      | 1550 ||| BUYING scroll of identify (26 gold).
  1550 | D:2      | Bought a scroll of identify for 26 gold pieces
  1620 | D:2      | Identified the +1 leather armour of Holerphu {rC++}
  1810 | D:2      | 1810 ||| UPGRADING to +0 ring mail.
  1820 | D:2      | 1820 ||| DROPPING +0 leather armour.
  1821 | D:2      | 1821 ||| UPGRADING to +2 ring mail of cold resistance.
  1831 | D:2      | 1831 ||| DROPPING +0 ring mail.
  1832 | D:2      | 1832 ||| READING scroll of identify.
  1832 | D:2      | 1832 ||| IDENTIFYING blue potion
  1833 | D:2      | 1833 ||| DROPPING potion of ambrosia.
  2064 | D:3      | Reached skill level 8 in Ranged Weapons
  2066 | D:3      | Reached XP level 5. HP: 29/29 MP: 7/7
  2851 | D:3      | 2851 ||| UPGRADING to ring of poison resistance.
  2852 | D:3      | 2852 ||| READING scroll labelled IREKHL CEALEUHA.
  2856 | D:3      | 2856 ||| READING 3 scrolls labelled MUDYSA XUYCKEQ.
  2856 | D:3      | 2856 ||| ENCHANTING +0 pair of gloves.
  2857 | D:3      | 2857 ||| READING 2 scrolls of enchant armour.
  2857 | D:3      | 2857 ||| ENCHANTING +1 pair of gloves.
  2858 | D:3      | 2858 ||| READING scroll of enchant armour.
  2858 | D:3      | 2858 ||| ENCHANTING +2 ring mail of cold resistance.
  2859 | D:3      | 2859 ||| READING scroll labelled WUUZA DEALE.
  2860 | D:3      | 2860 ||| DRINKING 2 silvery potions.
  2861 | D:3      | 2861 ||| DROPPING potion of degeneration.
  2937 | D:4      | Reached skill level 9 in Ranged Weapons
  2978 | D:4      | Reached XP level 6. HP: 35/35 MP: 8/8
  3560 | D:4      | 3560 ||| READING scroll of identify.
  3560 | D:4      | 3560 ||| IDENTIFYING glowing dark potion
  3575 | D:5      | Entered Level 5 of the Dungeon
  3583 | D:5      | Reached skill level 10 in Ranged Weapons
  3635 | D:5      | Identified the +0 scale mail of Panentheism {Str+3}
  3757 | D:5      | Reached skill level 1 in Armour
  3762 | D:5      | Reached XP level 7. HP: 26/40 MP: 9/9
  4049 | D:5      | 4049 ||| DROPPING +0 scale mail of Panentheism {Str+3}.
  4050 | D:5      | 4050 ||| READING 5 scrolls of identify.
  4050 | D:5      | 4050 ||| IDENTIFYING glowing coppery potion
  4051 | D:5      | 4051 ||| READING 4 scrolls of identify.
  4051 | D:5      | 4051 ||| IDENTIFYING green potion
  4052 | D:5      | 4052 ||| READING 3 scrolls of identify.
  4052 | D:5      | 4052 ||| IDENTIFYING ruby potion
  4053 | D:5      | 4053 ||| READING 2 scrolls of identify.
  4053 | D:5      | 4053 ||| IDENTIFYING 2 scrolls labelled FABROG ROJEQAO
  4054 | D:5      | 4054 ||| READING 2 scrolls of enchant weapon.
  4054 | D:5      | 4054 ||| ENCHANTING +0 shortbow.
  4055 | D:5      | 4055 ||| READING scroll of enchant weapon.
  4055 | D:5      | 4055 ||| ENCHANTING +1 shortbow.
  4056 | D:5      | 4056 ||| DROPPING potion of invisibility.
  4057 | D:5      | 4057 ||| DROPPING potion of brilliance.
  4075 | D:6      | Found Mogad's Self-Published Books.
  4224 | D:6      | Found a staircase to the Ecumenical Temple.
  4225 | D:6      | 4225 ||| PLANNING TEMPLE
  4234 | Temple   | Entered the Ecumenical Temple
  4235 | Temple   | 4235 ||| PLANNING D:1-11
  4425 | D:6      | Reached skill level 11 in Ranged Weapons
  4844 | D:6      | Reached skill level 12 in Ranged Weapons
  4844 | D:6      | Reached XP level 8. HP: 14/44 MP: 10/10
  4846 | D:6      | HP: 11/44 [poisoned by a water moccasin]
  5034 | D:6      | 5034 ||| READING scroll of identify.
  5034 | D:6      | 5034 ||| IDENTIFYING 2 lumpy orange potions
  5048 | D:7      | Noticed Prince Ribbit
  5049 | D:7      | 5049 ||| DRINKING 2 potions of haste.
  5058 | D:7      | 5058 ||| STAIRDANCE
  5113 | D:7      | 5113 ||| DRINKING potion of haste.
  5125 | D:7      | Killed Prince Ribbit
  5126 | D:7      | Reached skill level 3 in Fighting
  5531 | D:7      | 5531 ||| RETREEEEATING.
  5533 | D:7      | 5533 ||| RETREEEEATING.
  5545 | D:7      | Reached skill level 13 in Ranged Weapons
  5555 | D:7      | HP: 11/46 [steam dragon] (1)]
  5728 | D:7      | Reached skill level 14 in Ranged Weapons
  5734 | D:7      | Reached XP level 9. HP: 46/51 MP: 11/11
  5763 | D:7      | Found an iron altar of Okawaru.
  5764 | D:7      | 5764 ||| PLANNING OKAWARU WORSHIP
  5764 | D:7      | 5764 ||| DROPPING wand of flame (27).
  5765 | D:7      | Found a stormy altar of Qazlal.
  5769 | D:7      | Became a worshipper of Warmaster Okawaru
  5770 | D:7      | 5770 ||| PLANNING D:1-11
  5961 | D:8      | Reached skill level 6 in Dodging
  6052 | D:8      | Found a flagged portal.
  6167 | D:8      | HP: 9/52 [vampire (6)]
  6169 | D:8      | Slain by a vampire

Levels and vault maps discovered:
D:1:      sevenhm_arrival_forest_fort_small_6, layout_loops_ring,
          nrook_mini_vaults, minmay_misc_feat_rows
D:2:      layout_loops_ring, serial_shops, nicolae_shop_tiny_waterfront, shop,
          nicolae_shop_tiny_glass, shop, shop
D:3:      layout_basic, minmay_statues_item
D:4:      layout_basic
D:5:      layout_rooms
D:6:      layout_loops_cross, minmay_temple_entry_glass, nicolae_custom_books,
          minmay_misc_feat_five
D:7:      layout_rooms, nicolae_overflow_squiral, uniq_prince_ribbit1
D:8:      layout_loops_ring, gammafunk_ghost_necromancy, enter_bailey_7,
          uniq_grum, uniq_jeremiah
Temple:   bh_familiar_temple

Skill      XL: |  1  2  3  4  5  6  7  8  9 |
---------------+----------------------------+-----
Ranged Weapons | 6 7 8 9 10 12 14 | 14.0
Dodging        | 3 4 5 6 |  6.6
Fighting       | 2 3 4 |  4.0
Armour         | 1 |  1.2
Stealth        | |  1.2

Action                     |  1- 3 |  4- 6 |  7- 9 || total
---------------------------+-------+-------+-------++-------
   Fire: Shortbow          |   117 |   179 |   270 ||   566
    Use: Scroll            |     5 |     7 |     7 ||    19
         Potion            |       |     1 |     2 ||     3
 Armour: Leather armour    |    22 |     2 |       ||    24
         Ring mail         |       |    57 |    78 ||   135
  Dodge: Dodged            |    30 |    59 |    62 ||   151

Table legend:
 A = Non-vault XP
 B = Vault XP
 C = Vault XP percentage of total XP
 D = Non-vault monster count
 E = Vault monster count
 F = Vault count percentage of total count
                 A         B        C        D         E       F
            +---------+---------+-------+---------+---------+-------
      Total |    3137 |     306 |   8.9 |     134 |       5 |   3.6
            +---------+---------+-------+---------+---------+-------
        D:1 |      60 |       0 |   0.0 |      30 |       0 |   0.0
        D:2 |      51 |       0 |   0.0 |      18 |       0 |   0.0
        D:3 |     185 |       0 |   0.0 |      19 |       0 |   0.0
        D:4 |     287 |       0 |   0.0 |      16 |       0 |   0.0
        D:5 |     336 |       0 |   0.0 |      10 |       0 |   0.0
        D:6 |     629 |       0 |   0.0 |      10 |       0 |   0.0
        D:7 |    1102 |     274 |  19.9 |      19 |       1 |   5.0
        D:8 |     487 |      32 |   6.2 |      12 |       4 |  25.0
            +---------+---------+-------+---------+---------+-------
